 Dungeon Crawl Stone Soup version 0.30-a0-341-g682706514a (webtiles) character file.

Game seed: 713555621992252393

95 Bnni the Shield-Bearer (level 4, 0/37 HPs)
             Began as a Formicid Fighter on Nov 1, 2022.
             Slain by a gnoll
             ... wielding a +0 halberd
              (9 damage)
             ... on level 3 of the Dungeon.
             The game lasted 00:03:40 (1923 turns).

Bnni the Shield-Bearer (Formicid Fighter)           Turns: 1923, Time: 00:03:40

Health: 0/37       AC: 11    Str: 23    XL:     4   Next: 95%
Magic:  13/13      EV:  7    Int:  7    God:
Gold:   193        SH:  5    Dex: 13    Spells: 3/3 levels left

rFire   . . .      SeeInvis +    j - +3 dagger (venom)
rCold   . . .      Faith    .    c - +0 buckler
rNeg    . . .      Spirit   .    l - +0 chain mail
rPois   .          Reflect  .    (helmet unavailable)
rElec   .          Harm     .    k - +0 cloak
rCorr   .          Rampage  .    (no gloves)
Will    .....                    o - +0 pair of boots
Stlth   ..........               (no amulet)
HPRegen 0.26/turn                m - ring of magical power
MPRegen 0.13/turn                (no ring)

@: no status effects
A: permanent stasis, dig shafts and tunnels, antennae 3, four strong arms
a: Dig, Shaft Self


You were on level 3 of the Dungeon.
You visited 1 branch of the dungeon, and saw 3 of its levels.

You collected 193 gold pieces.

Inventory:

Hand Weapons
 a - a +0 war axe
 j - a +3 dagger of venom (weapon)
Missiles
 i - a throwing net
Armour
 c - a +0 buckler (worn)
 k - a +0 cloak (worn)
 l - a +0 chain mail (worn)
 o - a +0 pair of boots (worn)
Jewellery
 m - a ring of magical power (left hand)
Scrolls
 f - a scroll of identify {unknown}
 p - a scroll of magic mapping {unknown}
 q - a scroll of enchant weapon {unknown}
Potions
 b - 2 potions of invisibility {unknown}
 d - 2 potions of might
 e - 2 potions of attraction {unknown}
 g - a potion of mutation {unknown}
 h - 4 potions of curing {unknown}
 n - a potion of magic {unknown}


   Skills:
 + Level 4.0 Fighting
 * Level 3.3 Axes
 - Level 3.6 Armour
 + Level 4.8 Shields


You had 3 spell levels left.
You didn't know any spells.
Your spell library contained the following spells:

 Spells                   Type           Power      Damage    Failure   Level
 Portal Projectile        Hex/Tloc       0%         N/A       100%        3
 Tukima's Dance           Hex            0%         N/A       100%        3
 Blade Hands              Tmut           0%         N/A       100%        5


Dungeon Overview and Level Annotations

Branches:
Dungeon (3/15)

Altars:
Dithmenos


Innate Abilities, Weirdness & Mutations

You cannot be hasted, slowed, berserked, paralysed or teleported.
You can dig through walls and to a lower floor.
You have a pair of large antennae on your head. (SInv)
Your four strong arms can wield two-handed weapons with a shield.


Message History

You kill the gnoll!
The gnoll hits you but does no damage. You block the gnoll's attack.
Your Fighting skill increases to level 4!
You hit the gnoll but do no damage.
The gnoll is poisoned.
The gnoll hits you but does no damage.
The gnoll hits you from afar with a +0 halberd.
You hit the gnoll but do no damage. The gnoll hits you with a +0 flail.
The gnoll hits you from afar with a +0 halberd.
You are too injured to fight recklessly!
You are too injured to fight recklessly!
You are too injured to fight recklessly!
You are too injured to fight recklessly!
You are too injured to fight recklessly!
You are too injured to fight recklessly!
You are too injured to fight recklessly!
You are too injured to fight recklessly!
You are too injured to fight recklessly!
You are too injured to fight recklessly!
You are too injured to fight recklessly!
You are too injured to fight recklessly!
Unknown command.
You hit the gnoll.
The gnoll looks as sick as possible!
The gnoll is lightly wounded.
The gnoll hits you with a +0 flail.
The gnoll hits you from afar with a +0 halberd.
You barely miss the gnoll.
The gnoll is heavily wounded.
The gnoll hits you but does no damage.
You hit the gnoll.
You kill the gnoll!
The gnoll hits you but does no damage. You block the gnoll's attack.
Things that are here:
a +0 flail; a gnoll corpse You barely miss the gnoll.
The gnoll hits you with a +0 halberd!
* * * LOW HITPOINT WARNING * * *
You hit the gnoll.
The gnoll is poisoned.
The gnoll is moderately wounded.
The gnoll hits you with a +0 halberd!
You die...

..........# #......
..........# #.#....
..........# #.#....
..........# #.#..##
.........###########.#..8#
.........'.........)>#..##
..###....###########.#..##
#.....# #.#..## #####@#
#.#..8# #....g....... #.#
# #............ #.# #
#............ #.# #
#............ #.#..⌠#
#.[.......... #.#..##
#....###+#######.#..##
#.... ..# #......## #..
+......8#


You could see a gnoll (very poisoned).

Vanquished Creatures
  An adder (D:2)
  2 gnolls (D:3)
  A worm (D:2)
  3 dart slugs
  5 ball pythons
  7 bats
  3 endoplasms
  4 giant cockroaches
  7 goblins
  3 hobgoblins
  8 kobolds
  3 quokkas
  A frilled lizard (D:1)
  5 rats
53 creatures vanquished.

Notes
Turn   | Place    | Note
-------+----------+-------------------------------------------
     0 | D:1      | Bnni the Formicid Fighter began the quest for the Orb.
     0 | D:1      | Reached XP level 1. HP: 18/18 MP: 1/1
   132 | D:1      | Reached XP level 2. HP: 24/24 MP: 2/2
   704 | D:1      | Reached XP level 3. HP: 21/29 MP: 3/3
  1075 | D:2      | Reached XP level 4. HP: 37/37 MP: 4/4
  1447 | D:2      | Identified the +0 robe of the Many Ears {Fly}
  1822 | D:3      | Found a shadowy altar of Dithmenos.
  1923 | D:3      | Slain by a gnoll

Illustrated notes

Levels and vault maps discovered:
D:1:      wheals_arrival_shading, layout_basic
D:2:      layout_rooms, dreamdust_princess_corridor,
          minmay_fractal_squares_gapless_5
D:3:      layout_basic, mainiacjoe_overflow_chevrons, kennysheep_another_room,
          grunt_decor_arrowhead, chequers_hall_statues_wall_a,
          mrwooster_statue_mirror, minmay_starry_boxes

Skill      XL: |  1  2  3  4 |
---------------+-------------+-----
Axes           | 3 |  3.3
Fighting       | 4 |  4.0
Armour         | |  3.6
Shields        | |  4.8

Action                   |  1- 3 |  4- 6 || total
-------------------------+-------+-------++-------
Melee: War axe           |    27 |       ||    27
       Dagger            |    57 |    54 ||   111
Armor: Scale mail        |    39 |       ||    39
       Chain mail        |       |    28 ||    28
Dodge: Dodged            |    29 |    17 ||    46
Block: Buckler           |    21 |    19 ||    40

Table legend: (Time is in decaauts)
 A = Elapsed time spent in this place.
 B = Non-inter-level travel time spent in this place.
 C = Inter-level travel time spent in this place.
 D = Time resting spent in this place.
 E = Time spent auto-exploring this place.
 F = Levels seen in this place.
 G = Mean time per level.
                   A        B        C        D        E       F      G
               +--------+--------+--------+--------+--------+-----+--------+
         Total |   1935 |   1894 |     41 |      0 |   1466 |   3 |  645.0 |
       Dungeon |   1935 |   1894 |     41 |      0 |   1466 |   3 |  645.0 |
               +--------+--------+--------+--------+--------+-----+--------+

Top non-repeatable levels by time:
     D:1: 891 daAuts
     D:2: 799 daAuts
     D:3: 243 daAuts
